 Dungeon Crawl Stone Soup version 0.31.0-32-g396128a36d (webtiles) character file.

Game seed: 11211950411399599259

43 DemonSlayer the Digger (level 3, 0/24 HPs)
             Began as a Demonspawn Earth Elementalist on Apr 14, 2024.
             Frozen to death by an endoplasm (5 damage)
             ... on level 2 of the Dungeon.
             The game lasted 00:02:01 (1011 turns).

DemonSlayer the Digger (DsEE)                       Turns: 1011, Time: 00:02:02

Health: 0/24       AC:  2    Str:  8    XL:     3   Next: 37%
Magic:  0/6        EV: 12    Int: 15    God:
Gold:   63         SH:  0    Dex: 15    Spells: 5/6 levels left

rFire   . . .        e - +0 dagger
rCold   . . .        (no shield)
rNeg    . . .        a - +0 robe
rPois   .            (no helmet)
rElec   .            (no cloak)
rCorr   .            (no gloves)
SInv    .            (no boots)
Will    .....        (no amulet)
Stlth   ++           (no ring)
HPRegen 0.24/turn    (no ring)
MPRegen 0.10/turn

%: no passive effects
@: very slightly contaminated
A: claws 1, powered by pain 1
a: no special abilities


You were on level 2 of the Dungeon.
You visited 1 branch of the dungeon, and saw 2 of its levels.

You collected 63 gold pieces.

Inventory:

Hand Weapons
 e - a +0 dagger (weapon)
Armour
 a - a +0 robe (worn)
Scrolls
 f - a scroll of fear {unknown}
 g - a scroll of enchant weapon {unknown}
 i - a scroll of amnesia {unknown}
 j - a scroll of identify {unknown}
 k - a scroll of teleportation {unknown}
 l - a scroll of brand weapon {unknown}
Potions
 c - a potion of ambrosia {unknown}
 d - a potion of attraction {unknown}
 h - a potion of curing {unknown}


   Skills:
 + Level 0.1 Short Blades
 + Level 2.0 Dodging
 + Level 2.0 Stealth
 + Level 2.4 Spellcasting
 + Level 1.0 Conjurations
 + Level 3.5 Earth Magic


You had 5 spell levels left.
You knew the following spells:

 Your Spells              Type           Power      Damage    Failure   Level
a - Sandblast             Erth           24%        2d8       4%          1

Your spell library contained the following spells:

 Spells                   Type           Power      Damage    Failure   Level
 Passwall                 Erth           12%        N/A       16%         3
 Stone Arrow              Conj/Erth      16%        3d8       26%         3
 Brom's Barrelling Bould  Conj/Erth      8%         2d3       63%         4
 Petrify                  Alch/Erth      7%         N/A       71%         4


Dungeon Overview and Level Annotations

Branches:
Dungeon (2/15)

Altars:


Innate Abilities, Weirdness & Mutations

You have sharp fingernails.
You sometimes gain a little power by taking damage.


Message History

The blast of sand hits the ribbon worm.
The ribbon worm is severely wounded.
The ribbon worm bites you.
Casting: Sandblast (safe; 4% risk of failure)
Confirm with . or Enter, or press ? or * to list all spells.
Aiming: Sandblast (safe; 4% risk of failure)
Press: ? - help, Shift-Dir - straight line, f/p - ribbon worm
Aim: a ribbon worm (severely wounded, 94% to hit)
You miscast Sandblast.
Nothing appears to happen.
The ribbon worm misses you.
Casting: Sandblast (safe; 4% risk of failure)
Confirm with . or Enter, or press ? or * to list all spells.
Aiming: Sandblast (safe; 4% risk of failure)
Press: ? - help, Shift-Dir - straight line, f/p - ribbon worm
Aim: a ribbon worm (heavily wounded, 94% to hit)
The blast of sand hits the ribbon worm.
The ribbon worm is almost dead.
The ribbon worm expels a string of sticky webbing.
The stream of webbing hits you but does no damage.
You are caught in a web!
Casting: Sandblast (safe; 4% risk of failure)
Confirm with . or Enter, or press ? or * to list all spells.
Aiming: Sandblast (safe; 4% risk of failure)
Press: ? - help, Shift-Dir - straight line, f/p - ribbon worm
Aim: a ribbon worm (severely wounded, catching its breath, 94% to hit)
The blast of sand hits the ribbon worm!
You kill the ribbon worm!
The quokka bites you.
* * * LOW HITPOINT WARNING * * *
The web tears apart.
The quokka bites you.
* * * LOW HITPOINT WARNING * * *
Casting: Sandblast (safe; 4% risk of failure)
Confirm with . or Enter, or press ? or * to list all spells.
Aiming: Sandblast (safe; 4% risk of failure)
Press: ? - help, Shift-Dir - straight line, f - quokka
Aim: a quokka (75% to hit)
The blast of sand hits the quokka!
You kill the quokka!
The endoplasm freezes you.
You are frozen.
You die...

#...#####...#.##.####...
#..........##.##..# #...
#.......##.##.###.###..
#....... #.##.# #..##..
#.......##.##.# ##.##.#
#.....##......# #.##.#
.#......#### #)##.#
##..#..# #....# #†@#.##
###..## #.##J##.# ##..#
#.#....##.# ########..#
.#.#..#.#..# ##....<###.#
...........###.......##.#
.......(...##.........#.#
.#....................#.#
......................#..
.........................


You could see an endoplasm.

Vanquished Creatures
  An adder (D:2)
  A ribbon worm (D:2)
  4 endoplasms
  3 goblins (D:1)
  5 hobgoblins
  4 jackals (D:2)
  3 quokkas
  3 ball pythons (D:1)
  A frilled lizard (D:1)
  3 rats
28 creatures vanquished.

Notes
Turn   | Place    | Note
-------+----------+-------------------------------------------
     0 | D:1      | DemonSlayer the Demonspawn Earth Elementalist began the
                  | quest for the Orb.
     0 | D:1      | Reached XP level 1. HP: 13/13 MP: 3/3
   131 | D:1      | Reached skill level 3 in Earth Magic
   259 | D:1      | Gained mutation: You sometimes gain a little power by
                  | taking damage. [demonic ancestry]
   259 | D:1      | Reached XP level 2. HP: 19/19 MP: 3/5
   352 | D:1      | Found a faded altar of an unknown god.
   837 | D:2      | Discovered your monstrous ancestry.
   837 | D:2      | Gained mutation: You have sharp fingernails. [demonic
                  | ancestry]
   837 | D:2      | Reached XP level 3. HP: 24/24 MP: 3/6
  1011 | D:2      | Frozen to death by an endoplasm

Illustrated notes

Levels and vault maps discovered:
D:1:      kennysheep_arrival_seaside, layout_rooms,
          hellmonk_ecumenical_altar_lost_god
D:2:      layout_rooms

Skill      XL: |  1  2 |
---------------+-------+-----
Earth Magic    | 3 |  3.5
Dodging        | 2 |  2.0
Stealth        | 2 |  2.0
Short Blades   | |  0.1
Spellcasting   | |  2.4
Conjurations   | |  1.0

Action                     || total
---------------------------++-------
  Melee: Staff             ||     2
         Dagger            ||    13
   Cast: Sandblast         ||    36
    Use: Potion            ||     1
   Stab: Sleeping          ||     1
 Armour: Robe              ||    23
  Dodge: Dodged            ||    29
